details: 'My_first_towa'

« prev index next »

General information

Mini Map

Players

team 1
OrcGhocher (red | 51 APM | 343 actions | 06:39)
Hero icon 1 Firelord
Ability icon 1 Summon Lava Spawn

» actions
Assign group hotkey15
Basic commands15
Build / train16
Enter build submenu22
Enter hero's abilities submenu1
Right click96
Select / deselect93
Select group hotkey60
Use ability25
343 total
» units
Peon11
11 total
» buildings
Altar of Storms1
Orc Burrow2
War Mill1
Watch Tower14
Voodoo Lounge1
Barracks1
20 total
» build order
00:03 Altar of Storms
00:04 Orc Burrow
00:37 War Mill
02:50 Watch Tower
02:58 Watch Tower
03:01 Watch Tower
03:03 Watch Tower
04:11 Watch Tower
04:12 Watch Tower
04:14 Watch Tower
04:40 Voodoo Lounge
05:03 Barracks
05:05 Orc Burrow
05:18 Watch Tower
05:22 Watch Tower
05:24 Watch Tower
05:30 Watch Tower
06:05 Watch Tower
06:18 Watch Tower
06:28 Watch Tower
» items
Healing Salve3
3 total
team 2
OrcKatabrok (orange | 39 APM | 256 actions | 06:37)
Hero icon 1 Blademaster
Ability icon 1 Wind Walk

» actions
Assign group hotkey1
Basic commands2
Build / train17
Enter build submenu9
Enter hero's abilities submenu1
Right click87
Select / deselect76
Select group hotkey44
Use ability19
256 total
» units
Peon7
Grunt6
13 total
» upgrades
Melee Weapons1
1 total
» buildings
Altar of Storms1
Orc Burrow3
Barracks2
War Mill1
Stronghold1
Watch Tower2
10 total
» build order
00:05 Altar of Storms
00:07 Orc Burrow
00:58 Barracks
01:17 War Mill
02:18 Barracks
02:43 Orc Burrow
02:50 Orc Burrow
05:45 Stronghold
06:01 Watch Tower
06:05 Watch Tower